 Dungeon Crawl Stone Soup version 0.22.0-38-g04b72b8c25 (webtiles) character file.

65 AlolanVulpixel the Slasher (level 3, -1/33 HPs)
             Began as a Draconian Chaos Knight on Aug 30, 2018.
             Slain by a leopard gecko (2 damage)
             ... on level 2 of the Dungeon.
             The game lasted 00:04:45 (1436 turns).

AlolanVulpixel the Slasher (Draconian Chaos Knight) Turns: 1436, Time: 00:04:46

Health: -1/33      AC:  5    Str: 15    XL:     3   Next: 94%
Magic:  3/3        EV: 12    Int: 12    God:    Xom [..*...]
Gold:   54         SH:  0    Dex: 10    Spells: 2/2 levels left

rFire    . . .     SeeInvis .   q - -2 great sword (curse)
rCold    . . .     Gourm    .   (shield currently unavailable)
rNeg     . . .     Faith    .   (armour unavailable)
rPois    .         Spirit   .   (helmet restricted)
rElec    .         Reflect  .   (no cloak)
rCorr    .         Harm     .   (no gloves)
MR       .....                  (no boots)
Stlth    +.........             (no amulet)
HPRegen  0.11/turn              i - ring of wizardry
MPRegen  0.08/turn              (no ring)

@: lethally poisoned (-1 -> -15)
A: unfitting armour, cold-blooded, AC +5
a: Renounce Religion


You were on level 2 of the Dungeon.
You worshipped Xom.
You were a toy of Xom.
You were not hungry.

You visited 1 branch of the dungeon, and saw 3 of its levels.

You collected 54 gold pieces.

Inventory:

Hand Weapons
 a - a +0 falchion of chaos
 k - a +0 hunting sling
 p - a +0 long sword
 q - a cursed -2 great sword (weapon)
Missiles
 e - 83 stones (quivered)
Jewellery
 i - a ring of wizardry (left hand)
Scrolls
 c - a scroll of random uselessness {unknown}
 g - 2 scrolls of remove curse {unknown}
 j - 2 scrolls of teleportation {unknown}
 m - a scroll of enchant weapon {unknown}
 n - a scroll of identify {unknown}
Potions
 d - a potion of lignification {unknown}
 f - a potion of mutation {unknown}
 h - 3 potions of heal wounds {unknown}
 l - a potion of berserk rage {unknown}
 o - a potion of curing {unknown}
Comestibles
 b - 3 rations


   Skills:
 + Level 4.0 Fighting
 + Level 4.1 Long Blades
 + Level 2.5 Dodging
 + Level 0.1 Stealth


You had 2 spell levels left.
You didn't know any spells.
Your spell library was empty.

Dungeon Overview and Level Annotations

Branches:
Dungeon (3/15)

Altars:
Nemelex Xobeh
Xom


Innate Abilities, Weirdness & Mutations

Your plain brown scales are hard. (AC +5)
You cannot fit into any form of body armour.
You are cold-blooded and may be slowed by cold attacks.


Message History

The adder is heavily wounded.
* * * LOW HITPOINT WARNING * * *
You feel sick. The leopard gecko misses you.
You riposte.
You closely miss the leopard gecko. The adder bites you.
* * * LOW HITPOINT WARNING * * *
You are more poisoned.
The adder poisons you! The leopard gecko misses you.
The adder barely misses you.
* * * LOW HITPOINT WARNING * * *
You feel sick. The leopard gecko misses you. The adder barely misses you.
You riposte.
You miss the adder.
The adder is heavily wounded.
You climb upwards.
* * * LOW HITPOINT WARNING * * *
You feel sick.
There is a stone staircase leading down here.
* * * LOW HITPOINT WARNING * * *
You feel sick. The leopard gecko bites you.
You die... "What!?
That's it?"

#####....### #....
#........# #######...
#.......##
###.......##
#.......####...#######
#.....<.#....###
#..>......####
####<......# ########
#.S.....#####.......
#..@..).)...........
#..l....###.........
#.......# #.........
######### #....<....
#......... #.........
##........ ##.......
########


You could see an adder and a leopard gecko.

Vanquished Creatures
  A worm (D:2)
  2 dart slugs
  A leopard gecko (D:2)
  A ball python (D:2)
  5 giant cockroaches
  7 goblins
  6 hobgoblins
  4 jackals (D:1)
  A quokka (D:2)
  11 bats
  4 frilled lizards
  3 kobolds
  6 rats (D:1)
52 creatures vanquished.

Notes
Turn   | Place    | Note
-------+----------+-------------------------------------------
     0 | D:1      | AlolanVulpixel the Draconian Chaos Knight began the quest for the Orb.
     0 | D:1      | Reached XP level 1. HP: 19/19 MP: 1/1
    77 | D:1      | Reached XP level 2. HP: 25/26 MP: 2/2
    86 | D:1      | XOM: divination: detect creatures
   264 | D:1      | Found a hazy altar of Hepliaklqana.
   266 | D:1      | Found a shadowy altar of Dithmenos.
   266 | D:1      | Found a snail-covered altar of Cheibriados.
   269 | D:1      | Found a shimmering altar of Xom.
   269 | D:1      | Found a snail-covered altar of Cheibriados.
   269 | D:1      | Found a basalt altar of Yredelemnul.
   437 | D:1      | XOM: silly message
   662 | D:1      | XOM: harmless Ice miscast
   754 | D:1      | Reached XP level 3. HP: 33/33 MP: 3/3
   876 | D:1      | XOM: divination: detect items
   887 | D:2      | XOM: harmless Fire miscast
  1094 | D:2      | XOM: divination: magic mapping
  1119 | D:2      | XOM: harmless Hex miscast
  1120 | D:2      | XOM: divination: magic mapping
  1160 | D:2      | Found a sparkling altar of Nemelex Xobeh.
  1436 | D:2      | HP: 1/33 [poisoned by an adder]
  1436 | D:2      | Slain by a leopard gecko

Skill      XL: |  1  2  3 |
---------------+----------+-----
Fighting       | 4 |  4.0
Long Blades    | 4 |  4.1
Dodging        | |  2.5
Stealth        | |  0.1

Action                   || total
-------------------------++-------
Melee: Falchion          ||   115
       Tailslap          ||    11
       Great sword       ||    12
 Stab: Sleeping          ||     1
  Eat: Chunk             ||     2
Armor: Skin              ||    57
Dodge: Dodged            ||   118
       Rpst.: Falchion   ||    25
       Great sword       ||     8
